 Dungeon Crawl Stone Soup version 0.30.1-11-g7821555f0a (webtiles) character file.

Game seed: 8878840653076119183

708 porpoise the Skirmisher (level 7, -1/59 (62) HPs)
             Began as a Minotaur Hunter on Jan 16, 2024.
             Slain by a wight
             ... wielding a +4 halberd
              (14 damage)
             ... on level 6 of the Dungeon.
             The game lasted 00:08:37 (3672 turns).

porpoise the Skirmisher (Minotaur Hunter)           Turns: 3672, Time: 00:08:37

HP:   -1/59 (62)    AC:  6    Str: 18    XL:     7   Next: 40%
MP:   6/6           EV: 12    Int:  6    God:
Gold: 291           SH:  0    Dex: 19    Spells: 6/6 levels left

rFire   . . .        a - +1 shortbow
rCold   . . .        (shield currently unavailable)
rNeg    . . .        k - +3 leather armour
rPois   .            (helmet restricted)
rElec   .            (no cloak)
rCorr   .            (no gloves)
SInv    .            (no boots)
Will    .....        (no amulet)
Stlth   ++           l - +6 ring of dexterity
HPRegen 0.29/turn    (no ring)
MPRegen 0.10/turn

%: no passive effects
@: lightly drained
A: horns 2, retaliatory headbutt
a: no special abilities


You were on level 6 of the Dungeon.
You visited 1 branch of the dungeon, and saw 6 of its levels.

You collected 291 gold pieces.

Inventory:

Hand Weapons
 a - a +1 shortbow (weapon)
Missiles
 g - 2 throwing nets
 s - 4 poisoned darts
 u - 6 boomerangs
Armour
 k - a +3 leather armour (worn)
Jewellery
 l - a +6 ring of dexterity (left hand)
Wands
 e - a wand of charming (6)
Scrolls
 b - 2 scrolls of immolation
 c - a scroll of summoning
 i - a scroll of enchant weapon
 t - a scroll of magic mapping
 v - a scroll of poison
Potions
 f - a potion of attraction {unknown}
 h - 3 potions of berserk rage
 j - 7 potions of curing
 m - a potion of brilliance {unknown}
 n - a potion of mutation {unknown}
 q - a potion of ambrosia {unknown}
 w - a potion of might {unknown}


   Skills:
 + Level 5.8 Fighting
 * Level 8.2 Ranged Weapons
 - Level 3.0 Armour
 - Level 2.1 Dodging
 - Level 0.7 Stealth


You had 6 spell levels left.
You didn't know any spells.
Your spell library contained the following spells:

 Spells                   Type           Power      Damage    Failure   Level
 Sting                    Tmut/Pois      0%         1d3       52%         1
 Poisonous Vapours        Pois/Air       0%         N/A       65%         2
 Portal Projectile        Hex/Tloc       0%         N/A       87%         3
 Tukima's Dance           Hex            0%         N/A       87%         3
 Olgreb's Toxic Radiance  Pois           0%         N/A       99%         4
 Blade Hands              Tmut           0%         N/A       100%        5


Dungeon Overview and Level Annotations

Branches:
Dungeon (6/15)
 Temple: D:4-7

Altars:
Kikubaaqudgha
Sif Muna


Innate Abilities, Weirdness & Mutations

You have a pair of horns on your head.
You reflexively headbutt those who attack you in melee.


Message History

The arrow closely misses the orc.
The arrow closely misses the orc wizard.
The arrow hits the wight.
The wight is lightly damaged.
The orc wizard points at you and mumbles some strange words.
The magic dart hits you.
You shoot an arrow. The arrow hits the orc wizard.
You kill the orc wizard!
You shoot an arrow. The arrow hits the orc wizard.
The orc wizard is almost dead.
The orc wizard points at you and mumbles some strange words.
You resist with some effort.
You shoot an arrow.
The arrow hits the orc wizard but does no damage.
The orc wizard is almost dead.
The orc closely misses you. You furiously retaliate!
You headbutt the orc.
The orc wizard hits you with a +0 dagger.
You shoot an arrow. The arrow barely misses the orc wizard.
The wight hits you from afar with a +4 halberd!
You feel drained. The orc barely misses you.
The orc wizard points at you and mumbles some strange words.
The puff of flame hits you!
You are too injured to fight recklessly!
You are too injured to fight recklessly!
Unknown command.
You are too injured to fight recklessly!
You are too injured to fight recklessly!
You shoot an arrow. The arrow hits the orc wizard.
You kill the orc wizard!
The wight hits you from afar with a +4 halberd!
* * * LOW HITPOINT WARNING * * *
You feel drained.
* * * LOW HITPOINT WARNING * * *
The orc hits you but does no damage.
Okay, then.
Okay, then.
As you read the scroll of summoning, it crumbles to dust.
Wisps of shadow whirl around you...
The wight hits you from afar with a +4 halberd!
You die...

#......#, #..[...#,
##########......#,
#########...............#*
#.................##+###..
#.................#,,,,*..
#......5.l...<....#,,,,*..
#.......h.z.......#,,,,*,.
#.>....s.@o.......#**,,*,,
#########))....####**,,***
*,,,,,,#.z)...#,,,,,,,,,,
*,,,,,,+......#,,,,,,,,,,
*,,,,,,#......#,,,,,,,,,,
*******#.....)#******,,,*
##+###...,,,,*,,,*
*,,,*...,,,,*,,,,
*,,,*,,,,,,,*,,,,


You could see 2 wights, an orc (ally target), a friendly scorpion (summoned), a
friendly iguana (summoned), a friendly hound (summoned) and a friendly shadow
imp (summoned).

Vanquished Creatures
  A phantom (D:5)
  2 scorpions (D:5)
  2 wights (D:6)
  3 jellies (D:5)
  A hound (D:4)
  Ijyb (D:3)
  An iguana (D:3)
  3 orc wizards
  A sleepcap (D:4)
  3 adders
  2 white imps (D:5)
  An ufetubus (D:5)
  4 worms
  A dart slug (D:5)
  11 orcs
  5 endoplasms
  2 giant cockroaches
  5 goblins
  8 hobgoblins
  10 jackals
  5 quokkas
  4 ball pythons
  5 bats
  3 frilled lizards
  7 kobolds
  6 rats
97 creatures vanquished.

Notes
Turn   | Place    | Note
-------+----------+-------------------------------------------
     0 | D:1      | porpoise the Minotaur Hunter began the quest for the Orb.
     0 | D:1      | Reached XP level 1. HP: 18/18 MP: 0/0
   177 | D:1      | Found a faded altar of an unknown god.
   184 | D:1      | Reached XP level 2. HP: 21/25 MP: 1/1
   213 | D:1      | Reached skill level 1 in Armour
   864 | D:1      | Found an ancient bone altar of Kikubaaqudgha.
   946 | D:2      | Reached skill level 5 in Ranged Weapons
   952 | D:2      | Reached XP level 3. HP: 18/30 MP: 2/2
  1377 | D:3      | Reached XP level 4. HP: 38/38 MP: 3/3
  1620 | D:3      | Noticed Ijyb
  1639 | D:3      | Killed Ijyb
  2096 | D:4      | Reached XP level 5. HP: 21/46 MP: 4/4
  2236 | D:4      | Reached skill level 6 in Ranged Weapons
  2710 | D:5      | Entered Level 5 of the Dungeon
  2749 | D:5      | Reached XP level 6. HP: 53/53 MP: 5/5
  2944 | D:5      | Reached skill level 7 in Ranged Weapons
  3102 | D:5      | Reached skill level 5 in Fighting
  3235 | D:5      | Found a shimmering blue altar of Sif Muna.
  3351 | D:5      | Reached XP level 7. HP: 58/61 MP: 6/6
  3661 | D:6      | Reached skill level 8 in Ranged Weapons
  3672 | D:6      | Slain by a wight

Illustrated notes

Levels and vault maps discovered:
D:1:      dpeg_arrival_water_altar, layout_basic,
          hellmonk_ecumenical_altar_dog_temple
D:2:      layout_rooms, minmay_ruptured
D:3:      layout_loops_cross, kennysheep_generic_room_3, uniq_ijyb
D:4:      layout_rooms
D:5:      layout_basic, amcnicky_altar_gilded, hangedman_decor_lopped,
          nrook_pool_corridor
D:6:      layout_gridville, mainiacjoe_overflow_catwalk, uniq_blork_the_orc

Skill      XL: |  1  2  3  4  5  6  7 |
---------------+----------------------+-----
Armour         | 1 2 3 |  3.0
Ranged Weapons | 5 6 7 8 |  8.2
Fighting       | 3 4 5 |  5.8
Dodging        | |  2.1
Stealth        | |  0.7

Action                     |  1- 3 |  4- 6 |  7- 9 || total
---------------------------+-------+-------+-------++-------
  Melee: Unarmed           |       |    10 |       ||    10
         Headbutt          |       |     3 |       ||     3
   Fire: Shortbow          |    90 |   141 |    22 ||   253
    Use: Scroll            |     2 |     2 |     8 ||    12
 Armour: Ring mail         |    10 |    20 |       ||    30
         Leather armour    |       |       |     1 ||     1
  Dodge: Dodged            |    21 |    42 |     7 ||    70
